 Dungeon Crawl Stone Soup version 0.20-a0-556-g892c87b (webtiles) character file.

91 drasked the Magician (level 4, 0/24 HPs)
             Began as a Deep Elf Fire Elementalist on Feb 4, 2017.
             Succumbed to an adder's poison
             ... on level 2 of the Dungeon.
             The game lasted 00:04:50 (1344 turns).

drasked the Magician (Deep Elf Fire Elementalist)   Turns: 1344, Time: 00:04:50

Health: 0/24       AC:  2    Str:  5    XL:     4   Next: 33%
Magic:  0/12       EV: 13    Int: 21    God:
Gold:   13         SH:  0    Dex: 15    Spells: 6/12 levels left

rFire    . . .     SeeInvis .   d - +0 dagger
rCold    . . .     Gourm    .   a - +0 robe
rNeg     . . .     Faith    .   (no shield)
rPois    .         Spirit   .   (no helmet)
rElec    .         Reflect  .   (no cloak)
rCorr    .         Harm     .   (no gloves)
MR       .....                  (no boots)
Stlth    ++........             (no amulet)
Regen    0.1/turn               (no ring)
                                (no ring)

@: lethally poisoned (0 -> -8), very slightly contaminated, hasted, very quick
A: no striking features
a: no special abilities


You were on level 2 of the Dungeon.
You were not hungry.

You visited 1 branch of the dungeon, and saw 2 of its levels.

You collected 13 gold pieces.

Inventory:

Hand Weapons
 d - a +0 dagger (weapon)
   (You took it off a goblin on level 1 of the Dungeon)
Armour
 a - a +0 robe (worn)
Scrolls
 e - 2 scrolls of identify {unknown}
 h - 3 scrolls of remove curse {unknown}
Books
 b - a book of Flames
Comestibles
 c - a bread ration {@e1}
 f - 3 royal jellies
 g - 2 meat rations {@e2}


   Skills:
 - Level 2.4 Dodging
 - Level 2.4 Stealth
 + Level 4.6 Spellcasting
 + Level 2.5 Conjurations
 + Level 4.1 Fire Magic


You had 6 spell levels left.
You knew the following spells:

 Your Spells              Type           Power        Failure   Level  Hunger
a - Flame Tongue          Conj/Fire      ###..        2%          1    None
c - Conjure Flame         Conj/Fire      ###.....     10%         3    ##.....
x - Throw Flame           Conj/Fire      ###...       4%          2    #......


Dungeon Overview and Level Annotations

Branches:
Dungeon (2/15)

Altars:


Message History

You now have 6/10 mp.
Things that are here:
a club; a kobold corpse A goblin comes into view.
It is wielding a club.
You see here a meat ration {@e2}.
You regained 2 mp, and now have 8/10 mp.
A goblin is nearby!
A goblin is nearby!
A goblin is nearby!
Aim: a goblin, wielding a club (resting)
The flame tongue hits the goblin.
You kill the goblin!
g - 2 meat rations {@e2} (gained 1)
A frilled lizard comes into view.
A frilled lizard is nearby!
A frilled lizard is nearby!
A frilled lizard is nearby!
An adder and a hobgoblin come into view.
The hobgoblin shouts!
The frilled lizard hisses angrily.
You hear an angry hiss.
The adder hisses angrily.
You hear an angry hiss. x2
The hobgoblin moves out of view.
An adder and an ooze come into view.
You barely miss the frilled lizard.
The adder moves out of view.
The frilled lizard closely misses you.
Aim: a frilled lizard The flame tongue misses the frilled lizard.
The frilled lizard bites you.
You take 3 damage, and have 15/19 hp.
You now have 8/10 mp.
The frilled lizard hisses.
A leopard gecko comes into view.
Aim: a frilled lizard The flame tongue hits the adder.
The adder bites you.
You take 1 damage, and have 14/19 hp.
Aim: a frilled lizard The flame tongue hits the adder.
The adder appears unharmed.
The adder bites you.
You take 2 damage, and have 12/19 hp.
You now have 7/10 mp.
Aim: a frilled lizard The flame tongue hits the adder.
You kill the adder!
You have reached level 4!
You feel clever.
You regained 4 hp, and now have 16/24 hp.
Aim: a frilled lizard The flame tongue misses the adder.
The flame tongue hits the frilled lizard.
You kill the frilled lizard!
The adder bites you. The adder closely misses you.
You take 2 damage, and have 14/24 hp.
You now have 6/12 mp.
Aim: an adder The flame tongue hits the adder.
The adder bites you.
You are poisoned.
The adder poisons you!
You take 4 damage, and have 10/24 hp.
You now have 5/12 mp.
Aim: an adder (heavily wounded)
The flame tongue hits the adder.
The adder appears unharmed.
You feel sick. The adder bites you.
* * * LOW HITPOINT WARNING * * *
You are lethally poisoned!
The adder poisons you!
You take 3 damage, and have 7/24 hp.
You now have 4/12 mp.
Aim: an adder (heavily wounded)
The flame tongue hits the adder.
* * * LOW HITPOINT WARNING * * *
You feel sick. The adder barely misses you. The adder bites you.
* * * LOW HITPOINT WARNING * * *
You take 3 damage, and have 4/24 hp.
You now have 3/12 mp.
Aim: an adder (severely wounded)
The flame tongue hits the adder.
You kill the adder!
* * * LOW HITPOINT WARNING * * *
You feel sick.
You take 1 damage, and have 3/24 hp.
You now have 2/12 mp.
It was a potion of haste.
You feel yourself speed up. The leopard gecko barely misses you.
You are very lightly contaminated with residual magic.
You eat one of the 4 royal jellies.
That royal jelly was delicious!
* * * LOW HITPOINT WARNING * * *
You feel sick. The leopard gecko misses you.
You take 1 damage, and have 2/24 hp.
Aim: a leopard gecko (clinging)
The flame tongue hits the leopard gecko.
You kill the leopard gecko!
You now have 2/12 mp.
Aim: an ooze The flame tongue hits the ooze.
* * * LOW HITPOINT WARNING * * *
You feel sick. The ooze barely misses you.
You take 1 damage, and have 1/24 hp.
You now have 1/12 mp.
Aim: an ooze (severely wounded)
The flame tongue hits the ooze.
You kill the ooze!
You now have 0/12 mp.
You don't have enough magic to cast that spell.
You hit the hobgoblin but do no damage.
* * * LOW HITPOINT WARNING * * *
You feel sick. The hobgoblin closely misses you.
You completely miss the hobgoblin. You closely miss the hobgoblin.
You die...

.##... . .....
..##... ##..
....... .....
.......## ...#
#.J## ##..# ##..##
...# ##..####..#
##.†g@...# #
#.....##..)#
....#####..#.....#
...## ##.## ##...
... # ...##..# ##
.... #.#..## #..#
#####...### ...#
....###...### #..#
####..#..#...####


You could see a hobgoblin.

Vanquished Creatures
  3 adders (D:2)
  An ooze (D:2)
  3 leopard geckos
  A giant cockroach (D:1)
  6 goblins
  7 hobgoblins (D:1)
  13 jackals (D:1)
  4 bats
  4 frilled lizards
  6 kobolds
  4 rats
52 creatures vanquished.

Notes
Turn   | Place    | Note
-------+----------+-------------------------------------------
     0 | D:1      | drasked the Deep Elf Fire Elementalist began the quest for the Orb.
     0 | D:1      | Reached XP level 1. HP: 10/10 MP: 6/6
    82 | D:1      | Reached XP level 2. HP: 15/15 MP: 0/8
   444 | D:1      | Reached skill level 4 in Spellcasting
   447 | D:1      | Reached XP level 3. HP: 17/19 MP: 5/10
   823 | D:1      | Reached skill level 2 in Conjurations
  1091 | D:1      | Learned a level 2 spell: Throw Flame
  1095 | D:1      | Learned a level 3 spell: Conjure Flame
  1148 | D:2      | Reached skill level 4 in Fire Magic
  1331 | D:2      | Reached XP level 4. HP: 16/24 MP: 7/12
  1335 | D:2      | HP: 6/24 [poisoned by an adder]
  1338 | D:2      | HP: 2/24 [poisoned by an adder]
  1344 | D:2      | Succumbed to an adder's poison

Vault maps used:
D:1:      ncdulo_watergridlock, st_stairs_7
D:2:      marbit_many_paths, minmay_tetromino_l4

Skill      XL: |  1  2  3 |
---------------+----------+-----
Spellcasting   | 4 |  4.6
Conjurations   | 2 |  2.5
Fire Magic     | 4 |  4.1
Dodging        | |  2.4
Stealth        | |  2.4

Action                   |  1- 3 |  4- 6 || total
-------------------------+-------+-------++-------
Melee: Dagger            |    24 |     3 ||    27
 Cast: Flame Tongue      |    91 |     9 ||   100
  Use: Potion            |       |     1 ||     1
 Stab: Sleeping          |     1 |       ||     1
  Eat: Chunk             |     1 |       ||     1
       Royal jelly       |       |     1 ||     1
Armor: Robe              |    17 |       ||    17
Dodge: Dodged            |    47 |     6 ||    53

Vault maps used:
D:1:      ncdulo_watergridlock, st_stairs_7
D:2:      marbit_many_paths, minmay_tetromino_l4

Table legend:
 A = Turns spent in this place as a percentage of turns spent in the entire game.
 B = Non-inter-level travel turns spent in this place as a percentage of non-inter-level travel turns spent in the entire game.
 C = Inter-level travel turns spent in this place as a percentage of turns spent in this place.
 D = Turns resting spent in this place as a percentage of non-inter-level travel turns spent in this place.
 E = Turns spent auto-exploring this place as a percentage of non-inter-level travel turns spent in this place.
 F = Non-inter-level travel turns spent in this place divided by the number of levels of this place that you've seen.
                   A       B       C       D       E      F
               +-------+-------+-------+-------+-------+----------------------
         Total | 100.0 | 100.0 |   0.4 |   6.0 |   7.5 | 234.5
       Dungeon | 100.0 | 100.0 |   0.4 |   6.0 |   7.5 | 234.5
               +-------+-------+-------+-------+-------+----------------------

Table legend:
 A = Kills in this place as a percentage of kills in entire the game.
 B = Kills by you in this place as a percentage of kills by you in the entire game.
 C = Kills by friends in this place as a percentage of kills by friends in the entire game.
 D = Other kills in this place as a percentage of other kills in the entire game.
 E = Experience gained in this place as a percentage of experience gained in the entire game.
 F = Experience gained in this place divided by the number of levels of this place that you have seen.
                   A       B       C       D       E      F
               +-------+-------+-------+-------+-------+----------------------
         Total | 100.0 | 100.0 |  -nan |  -nan | 100.0 |  65.0
       Dungeon | 100.0 | 100.0 |  -nan |  -nan | 100.0 |  65.0
               +-------+-------+-------+-------+-------+----------------------
